 Dungeon Crawl Stone Soup version 0.25-a0-41-g6cf4ce537d (webtiles) character file.

Game seed: 9179990590921811, levelgen mode: deterministic

112 Chiseanne the Skirmisher (level 4, -2/37 HPs)
             Began as a Demonspawn Wanderer on Oct 21, 2019.
             Killed from afar by an orc wizard (10 damage)
             ... with a magic dart
             ... on level 3 of the Dungeon.
             The game lasted 00:03:39 (2851 turns).

Chiseanne the Skirmisher (Demonspawn Wanderer)      Turns: 2851, Time: 00:03:40

Health: -2/37      AC:  7    Str: 14    XL:     4   Next: 64%
Magic:  7/7        EV: 10    Int: 13    God:
Gold:   89         SH:  4    Dex: 12    Spells: 7/7 levels left

rFire    . . .     SeeInvis .   g - +0 short sword
rCold    . . .     Gourm    .   d - +0 buckler
rNeg     . . .     Faith    .   m - +0 ring mail
rPois    .         Spirit   .   (no helmet)
rElec    .         Reflect  .   (no cloak)
rCorr    .         Harm     .   (no gloves)
MR       .....                  (no boots)
Stlth    ++........             (no amulet)
HPRegen  0.12/turn              (no ring)
MPRegen  0.10/turn              (no ring)

@: no status effects
A: yellow scales 1, nightstalker 1
a: no special abilities


You were on level 3 of the Dungeon.
You were not hungry.

You visited 1 branch of the dungeon, and saw 3 of its levels.

You collected 89 gold pieces.

Inventory:

Hand Weapons
 a - a +0 spear
 e - a +0 dagger
 g - a +0 short sword (weapon)
Missiles
 b - a throwing net (quivered) {!*}
 h - 7 curare-tipped darts
 k - 15 sling bullets
 l - 76 stones
 p - 28 arrows
Armour
 d - a +0 buckler (worn)
 m - a +0 ring mail (worn)
Scrolls
 i - a scroll of teleportation
 s - a scroll of fog
 t - 3 scrolls of remove curse {unknown}
 v - a scroll of amnesia {unknown}
Potions
 c - a potion of curing {unknown}
 j - 4 potions of flight
 n - a potion of haste {unknown}
 o - 2 potions of might {unknown}
 q - a potion of cancellation {unknown}
 r - a potion of brilliance {unknown}
Comestibles
 f - 5 rations
 u - a chunk of flesh


   Skills:
 * Level 3.7 Fighting
 * Level 0.0 Throwing
 * Level 1.1 Armour
 - Level 2.0 Dodging
 * Level 2.4 Stealth
 * Level 2.1 Shields
 - Level 2.0 Spellcasting
   Level 1.0 Summonings


You had 7 spell levels left.
You didn't know any spells.
Your spell library was empty.

Dungeon Overview and Level Annotations

Branches:
Dungeon (3/15)

Altars:


Innate Abilities, Weirdness & Mutations

You are partially covered in yellow scales. (AC +2)
You are slightly more attuned to the shadows.


Message History

Throwing (i - inventory. (/) - cycle)
b - 2 throwing nets (quivered)
{!*}
Press: ? - help, Shift-Dir - straight line, f - orc wizard
Aim: an orc wizard, wielding a +0 dagger and wearing a +0 robe (almost dead, fast) Really fire
b - 2 throwing nets {!*}?
You throw a throwing net {!*}.
The throwing net {!*} hits the orc wizard.
The orc wizard is caught in the net!
The orc wizard is almost dead.
The orc wizard struggles against the net.
You hit the orc wizard but do no damage.
The orc wizard is almost dead.
The orc wizard struggles against the net.
A kobold comes into view. It is wielding a +0 short sword.
The orc wizard struggles against the net.
The kobold shouts!
You hit the orc wizard but do no damage.
The orc wizard is almost dead.
The orc wizard points at you and mumbles some strange words.
The magic dart hits you!
You die...

######.######...#
#.<# #.# #<#........#
#..# ..#
#.#.######.###..##.##
#.# #.......... #.#
####....... #.#
#...##.# #.#.
#.......
..#...#######....#.#
K...oo@......#....
##.#.######....#.# #
#.#..... #.####.# #..
. ###


You could see an orc wizard (caught), an orc and a kobold.

Vanquished Creatures
  A worker ant (D:3)
  A hound skeleton (D:2)
  3 adders
  A worm (D:3)
  A dart slug (D:1)
  2 orcs (D:3)
  A ball python (D:2)
  2 bats
  3 giant cockroaches
  5 goblins
  4 hobgoblins
  4 jackals (D:2)
  8 kobolds
  2 frilled lizards (D:1)
  5 rats
43 creatures vanquished.

Notes
Turn   | Place    | Note
-------+----------+-------------------------------------------
     0 | D:1      | Chiseanne the Demonspawn Wanderer began the quest for the
                  | Orb.
     0 | D:1      | Chiseanne set off with the following items: a +0 spear, 3
                  | throwing nets, a +0 leather armour, a +0 buckler, a +0
                  | dagger, a ration
     0 | D:1      | Reached XP level 1. HP: 18/18 MP: 3/3
   253 | D:1      | Gained mutation: You are slightly more attuned to the
                  | shadows. [demonic ancestry]
   253 | D:1      | Reached XP level 2. HP: 24/24 MP: 5/5
   880 | D:2      | Gained mutation: You are partially covered in yellow
                  | scales. (AC +2) [demonic ancestry]
   880 | D:2      | Reached XP level 3. HP: 17/29 MP: 6/6
  1739 | D:2      | Reached XP level 4. HP: 28/35 MP: 7/7
  2285 | D:3      | Reached skill level 1 in Armour
  2851 | D:3      | Killed from afar by an orc wizard

Levels and vault maps discovered:
D:1:      dpeg_arrival_rhombus, layout_basic
D:2:      layout_basic
D:3:      layout_loops_ring, gammafunk_ghost_cemetery, first_ration

Skill      XL: |  1  2  3  4 |
---------------+-------------+-----
Stealth        | 2 |  2.4
Armour         | 1 |  1.1
Dodging        | 2 |  2.0
Shields        | 2 |  2.1
Fighting       | |  3.7
Spellcasting   | |  2.0
Summonings     | |  1.0

Action                   |  1- 3 |  4- 6 || total
-------------------------+-------+-------++-------
Melee: Spear             |    60 |       ||    60
       Short sword       |   101 |    77 ||   178
Throw: Throwing net      |       |     4 ||     4
  Use: Scroll            |     2 |     1 ||     3
 Stab: Sleeping          |     7 |     1 ||     8
       Held in net/web   |       |     2 ||     2
       Distracted        |       |     1 ||     1
  Eat: Chunk             |     2 |     4 ||     6
Armor: Leather armour    |     5 |       ||     5
       Ring mail         |    52 |    26 ||    78
Dodge: Dodged            |    93 |    20 ||   113
Block: Buckler           |    31 |    16 ||    47

Table legend:
 A = Non-vault XP
 B = Vault XP
 C = Vault XP percentage of total XP
 D = Non-vault monster count
 E = Vault monster count
 F = Vault count percentage of total count
                 A         B        C        D         E       F
            +---------+---------+-------+---------+---------+-------
      Total |     161 |       0 |   0.0 |      43 |       0 |   0.0
            +---------+---------+-------+---------+---------+-------
        D:1 |      30 |       0 |   0.0 |      18 |       0 |   0.0
        D:2 |      68 |       0 |   0.0 |      16 |       0 |   0.0
        D:3 |      63 |       0 |   0.0 |       9 |       0 |   0.0
            +---------+---------+-------+---------+---------+-------
